AoeStats
← Mhafiki

Arabia

506773549Analyzed
1v1 RM · 16d ago on Sep 15, 2026· 75m 54s· 2 players
Game mode
Random Map
Map size
Tiny (2 player)
Population
200
Speed
Normal
Resources
Standard
Victory
Conquest
Starting age
Dark Age
Ending age
Imperial Age
RankedLock teamsTeams togetherTeam positionsShared explorationLock speedFull tech treeHidden civsTurbo modeCheats
Victory
Defeat
🇺🇸 Chinese · United States
1155
+16
🇧🇷 Persians · Brazil
1149
-16
AURA FARMER
5:54 Loom
8:42 Feudal Age
10:45 Double-Bit Axe
13:27 Horse Collar
19:19 Wheelbarrow
22:20 Castle Age
22:29 Gold Mining
23:35 Scale Barding Armor
24:03 Bloodlines
24:44 Husbandry
26:11 Chain Barding Armor
29:30 Light Cavalry
31:16 Forging
32:41 Bow Saw
36:17 Imperial Age
34:52 Hand Cart
34:51 Town Watch
37:51 Chemistry
36:52 Heavy Plow
39:55 Padded Archer Armor
39:45 Fletching
40:37 Plate Barding Armor
41:03 Cavalier
43:10 Ballistics
44:18 Iron Casting
46:15 Conscription
46:04 Elite Skirmisher
48:44 Leather Archer Armor
50:11 Ring Archer Armor
50:05 Fletching
51:45 Bodkin Arrow
59:57 Scale Mail Armor
60:58 Blast Furnace
61:25 Murder Holes
Mhafiki
0:49 Loom
10:13 Feudal Age
11:01 Double-Bit Axe
10:58 Horse Collar
20:26 Castle Age
22:02 Fletching
22:12 Padded Archer Armor
22:25 Gold Mining
22:46 Bow Saw
23:10 Crossbowman
26:46 Gold Shaft Mining
27:42 Bodkin Arrow
37:29 Forging
37:21 Scale Mail Armor
38:53 Iron Casting
39:40 Squires
39:56 Chain Mail Armor
41:43 Leather Archer Armor
44:41 Imperial Age
42:53 Wheelbarrow
44:52 Elite Chu Ko Nu
45:18 Elite Fire Lancer
47:00 Blast Furnace
46:30 Plate Mail Armor
46:04 Bracer
48:43 Ring Archer Armor
50:09 Two-Man Saw
49:43 Stone Mining
51:11 Chemistry
49:36 Elite Chu Ko Nu
50:18 Elite Chu Ko Nu
51:48 Hand Cart
51:37 Heavy Plow
52:17 Stone Shaft Mining
52:23 Thumb Ring
53:10 Ballistics
53:01 Masonry
52:47 Murder Holes
53:43 Pikeman
58:33 Architecture
58:18 Light Cavalry
59:08 Bloodlines
59:21 Scale Barding Armor
59:54 Halberdier
61:39 Arson
62:43 Husbandry
68:15 Heavy Rocket Cart
75:10 Conscription
Connection lost

Rejoining the realm…

Still unreachable

The connection could not be restored.

Session expired

The server has moved on; the page needs a fresh start.